[Event "Menorca Open-A 2022"]
[Site "Menorca"]
[Date "2022.04.22"]
[Round "4.1"]
[White "Martirosyan, Haik M."]
[Black "Erigaisi Arjun"]
[Result "1/2-1/2"]
[ECO "D44"]
[WhiteElo "2633"]
[BlackElo "2675"]
[Annotator "TA"]
[PlyCount "52"]
[EventDate "2022.04.20"]
[EventType "swiss"]
[EventCountry "ESP"]
[SourceTitle "playchess.com"]
[Source "ChessBase"]
[SourceQuality "1"]
[TimeControl "5400+30"]

1. d4 Nf6 2. c4 e6 3. Nf3 d5 4. Nc3 c6 5. Bg5 dxc4 6. a4 b5 7. axb5 {[%emt 0:00:30] D44: Semi-Slav: Botvinnik System.} cxb5 8. Nxb5 {[%emt 0:00:30][%cal Oe2e4] next e4! is good for White.} Qb6 $1 9. Na3 (9. Qa4 $2 Bd7 10. Qxc4 (10. Bxf6 $2 Bxb5 11. Qc2 Bb4+ 12. Kd1 gxf6 $19) 10... Qxb5 $19) 9... Bxa3 10. Qa4+ Nc6 $1 11. Qxa3 (11. Rxa3 Bd7 12. Qc2 Rb8 $17) 11... Ne4 12. e3 f6 13. Bf4 Nb4 {[%emt 0:00:30] [#] Hoping for ...Nc2+.} 14. Rc1 {[%emt 0:00:30] Against Nc2+} Ba6 $1 {[%emt 0:00:30] [#] The position is equal.} 15. Qa4+ $146 ({Predecessor:} 15. Bc7 Qxc7 16. Qxb4 Rb8 17. Qa4+ Bb5 18. Qa3 Qe7 19. Qa5 Nd6 20. Nd2 O-O 21. Nxc4 {½-½ (60) Martirosyan,H (2624)-Sethuraman,S (2620) Riga 2021}) 15... Ke7 $1 16. Bc7 Qb7 (16... Qxc7 17. Qxb4+ Qd6 18. Qa4 $14) 17. Ba5 {[%emt 0:00:30] Dancing on a razor blade.} ({Don't blunder} 17. Bxc4 $2 Rhc8 18. O-O (18. Bxa6 $2 Nxa6 19. O-O Nxc7 $19) 18... Rxc7 $19) 17... Rab8 18. Be2 ({Not} 18. Bxc4 $2 Rhc8 19. O-O Rxc4 $19) 18... Rhc8 {[%emt 0:00:30] ...c3 is the strong threat.} 19. O-O {[%emt 0:00:30] Threatens to win with Bxb4+.} Nd3 20. Bxd3 cxd3 21. Nd2 $36 {[%emt 0:00:30][%mdl 2048] White has some pressure.} Nxd2 22. Bxd2 Bb5 23. Qb3 a6 24. f3 Kf7 25. Rc5 Rxc5 26. dxc5 Bc6 {[%emt 0:00:30] An interesting draw.  Weighted Error Value: White=0.01 (flawless) /Black=0.01 (flawless)} 1/2-1/2

[Event "Menorca Open-A 2022"]
[Site "Menorca"]
[Date "2022.04.22"]
[Round "4.2"]
[White "Santos Latasa, Jaime"]
[Black "Sethuraman, S.P."]
[Result "1/2-1/2"]
[ECO "D11"]
[WhiteElo "2656"]
[BlackElo "2610"]
[Annotator "TA"]
[PlyCount "66"]
[EventDate "2022.04.20"]
[EventType "swiss"]
[EventCountry "ESP"]
[SourceTitle "playchess.com"]
[Source "ChessBase"]
[SourceQuality "1"]
[TimeControl "5400+30"]

1. d4 d5 2. c4 c6 3. Nf3 Nf6 4. e3 Bg4 5. h3 Bh5 6. Nc3 e6 7. g4 Bg6 8. Ne5 {[%emt 0:00:13] D11: Slav Defence: 3 Nf3 sidelines and 3...Nf6 4 e3 Bg4.} Nbd7 9. Nxg6 hxg6 10. Bd2 Bb4 11. cxd5 exd5 12. f3 Bd6 {[%emt 0:00:08] [#]} 13. Bd3 $146 ({Predecessor:} 13. Qb3 Bg3+ 14. Kd1 b5 15. Rc1 Bd6 16. e4 dxe4 17. Nxe4 Nxe4 18. fxe4 Rc8 19. e5 {1-0 (38) Eljanov,P (2650)-Smirnov,A (2604) Wijk aan Zee 2020}) 13... Bg3+ 14. Ke2 Qe7 15. Qg1 Bc7 16. Kd1 Nf8 17. Kc2 Ne6 18. Rc1 O-O-O 19. Kb1 Kb8 20. h4 Nd7 21. Qf2 Nb6 22. Ne2 c5 23. b3 Bd6 24. dxc5 Nxc5 (24... Bxc5 {with more complications.} 25. Bc3 Rc8 26. Ba1 Nd7) 25. Bc2 Na6 26. Nd4 Bb4 {[%emt 0:00:00] [#]} (26... Ba3 $14) 27. g5 (27. h5 $1 $16) 27... Bxd2 (27... Ba3 $5 ) 28. Qxd2 Qb4 (28... Rde8 $11) 29. Qxb4 Nxb4 {[%emt 0:00:00] The position is equal.} 30. a3 Nxc2 31. Kxc2 Rc8+ 32. Kd2 Rxc1 33. Kxc1 Nc8 {[%emt 0:00:00] Weighted Error Value: White=0.12 (very precise) /Black=0.14 (very precise)} 1/2-1/2

[Event "Menorca Open-A 2022"]
[Site "Menorca"]
[Date "2022.04.22"]
[Round "4.3"]
[White "Heimann, Andreas"]
[Black "Gukesh D"]
[Result "0-1"]
[ECO "E11"]
[WhiteElo "2583"]
[BlackElo "2637"]
[Annotator "TA"]
[PlyCount "142"]
[EventDate "2022.04.20"]
[EventType "swiss"]
[EventCountry "ESP"]
[SourceTitle "playchess.com"]
[Source "ChessBase"]
[SourceQuality "1"]
[TimeControl "5400+30"]

1. d4 Nf6 2. c4 e6 3. Nf3 d5 4. g3 Bb4+ 5. Bd2 a5 6. Bg2 O-O 7. Qc2 c5 {[%emt 0:00:06] E11: Bogo-Indian.} 8. cxd5 {[%emt 0:00:06] The main line 8.cxd5 scores better than 8.dxc5.} cxd4 9. Nxd4 Qb6 {[%emt 0:00:06] White is slightly better.} 10. e3 exd5 11. O-O Nc6 12. Nxc6 bxc6 13. Nc3 (13. Bc3 {keeps more tension.} Ba6 14. Rc1 Nd7 15. Bd4) 13... h5 14. Na4 (14. a3 $5 Bd6 15. Na4 $14) 14... Qd8 {[%emt 0:00:06][%cal Oh5h4] [#]} 15. b3 $146 (15. Qxc6 $2 Bd7 16. Qc2 Bxd2 17. Qxd2 Bxa4 $19) ({Predecessor:} 15. Rfc1 h4 16. Bxb4 axb4 17. b3 h3 18. Bh1 Rb8 19. Qxc6 d4 20. Qc5 d3 21. Rd1 {0-1 (29) Karthik,V (2485)-Gukesh,D (2614) New Delhi 2022}) 15... h4 16. Bxb4 axb4 17. Rfd1 h3 18. Bf3 Ng4 19. Qxc6 {[%emt 0:05:11] [#]} Ne5 $1 20. Qxd5 Qf6 21. Be2 (21. Qxa8 Nxf3+ 22. Kh1 Nd2 $19) 21... Bg4 22. Bxg4 Nxg4 23. Rf1 Rad8 $36 {[%emt 0:06:03][%mdl 3072] Black has compensation. Black is pushing.} 24. Qe4 (24. Qh5 $11 {remains equal.} Qf3 25. Qxh3) 24... Ne5 $1 $17 {[%emt 0:00:38] &Nero is more active.} 25. f4 Ng4 26. f5 {[%emt 0:00:17] White does not recover from this.} (26. Qf3 $17 {was called for.} Qg6 27. f5) 26... Qg5 $19 27. Qf4 (27. Qxb4 Qxe3+ 28. Kh1 Qe2) 27... Qh5 {[%emt 0:08:50] aiming for ...Rd2.} 28. e4 (28. Qxb4 Nxe3 29. g4 Qh4 $19) 28... g5 29. Qf3 (29. fxg6 $142 fxg6 30. Rad1 $1) 29... Rd2 30. Nb6 Rg2+ (30... Rxh2 31. Nd5 Rg2+ 32. Kh1 Rh2+ 33. Kg1 Rg2+ 34. Kh1 Rh2+ 35. Kg1 $11) 31. Kh1 Rxh2+ 32. Kg1 Rg2+ $1 33. Kh1 {[%emt 0:00:04] [#]} Nf6 34. Nd5 ({Don't play} 34. Qxh5 Nxh5 35. Rf3 g4 $19) 34... Qxf3 {[%emt 0:00:34] Really sharp!} 35. Nxf6+ Kg7 36. Rxf3 Kxf6 {[%emt 0:00:07][%mdl 4096] Endgame KRR-KRR} 37. g4 Rxg4 38. Rxh3 Rxe4 {[%emt 0:00:27] Hoping for ...Rfe8.} 39. Rf1 Re2 {[%emt 0:02:00] And now ...Ra8 would win.} 40. Rh6+ {[%emt 0:00:48] [#]} Kg7 $1 41. Rh5 (41. Ra6 {was the only defense.}) 41... f6 {[%emt 0:01:22] Strongly threatening ...Rh8.} 42. Rh2 (42. Kg1 $142 Rxa2 43. Rc1) 42... Rh8 43. Rxh8 Kxh8 {[%emt 0:00:01] KR-KR} 44. Rc1 Rxa2 45. Rc4 Rf2 46. Rxb4 Rxf5 47. Rb7 Kg8 48. Kg2 Re5 49. b4 Kf8 50. b5 Re7 51. Rb8+ Kg7 {[%emt 0:00:17] Threatens to win with ...Re3.} 52. Kf3 {[%emt 0:00:28] Prevents Re3+.} Re5 {[%emt 0:02:09] White must now prevent ...Kg6.} 53. b6 Rb5 {[%emt 0:00:04] ...Rb4 is the strong threat.} 54. Ke4 f5+ 55. Kd4 g4 56. Rb7+ Kh6 57. Ke3 Rb4 58. Rb8 Kg7 {[%emt 0:00:31] ( -> ...f4+)} 59. b7 f4+ {[%emt 0:00:46] Black mates.} 60. Ke2 Rb2+ 61. Kf1 g3 ({Inferior is} 61... Kf7 62. Rh8 Rb1+ 63. Ke2 f3+ 64. Kf2 (64. Ke3 Rb3+ 65. Kf2 Rb2+ 66. Kg3 Rg2+ 67. Kf4 f2 $11) 64... Rb2+ 65. Kg3 Rg2+ 66. Kf4 $11) 62. Rc8 Rxb7 63. Rc4 Rf7 64. Kg2 f3+ 65. Kf1 Rf6 66. Rg4+ Rg6 67. Rf4 g2+ 68. Kg1 Rf6 69. Rg4+ Kh6 70. Kf2 Rg6 71. Rh4+ Kg7 {[%emt 0:00:01] Weighted Error Value: White=0.74/Black=0.07 (flawless)} 0-1

[Event "Menorca Open-A 2022"]
[Site "Menorca"]
[Date "2022.04.22"]
[Round "4.4"]
[White "Adhiban, B.."]
[Black "Aryan Chopra"]
[Result "0-1"]
[ECO "E12"]
[WhiteElo "2633"]
[BlackElo "2592"]
[Annotator "TA"]
[PlyCount "68"]
[EventDate "2022.04.20"]
[EventType "swiss"]
[EventCountry "ESP"]
[SourceTitle "playchess.com"]
[Source "ChessBase"]
[SourceQuality "1"]
[TimeControl "5400+30"]

1. d4 Nf6 2. c4 e6 3. Nf3 b6 4. Bf4 Bb7 5. e3 Bb4+ 6. Nfd2 O-O 7. a3 Be7 8. Nc3 d5 9. cxd5 {[%emt 0:09:29] E12: Queen's Indian: Unusual White 4th moves, 4 a3, 4 Nc3 Bb7 5 a3 and 4 Nc3 Bb7 .} Nxd5 10. Nxd5 exd5 $5 {[%emt 0:08:55][%mdl 4] An interesting side line.} 11. Bd3 {[%emt 0:13:21] The position is equal.} c5 12. Nf3 Nd7 {[%emt 0:17:14][%cal Bb8d7,Bd7c5,Bc5d3][%mdl 32] [#]} 13. h4 $146 ({Predecessor:} 13. O-O c4 14. Bc2 b5 15. Qe2 Qb6 16. Bf5 Rfd8 17. a4 b4 18. a5 Qb5 19. Rfc1 g6 20. Bh3 {½-½ (60) Mary,P (2503)-Moser,R (2303) ICCF email 2012}) 13... cxd4 14. Nxd4 Nc5 15. h5 Bf6 16. O-O Bxd4 17. exd4 Nxd3 18. Qxd3 Qh4 19. Qf3 h6 20. Rfe1 Rfe8 21. Rac1 Re4 22. Be3 {[%emt 0:10:41] [#] Black must now prevent Rc7.} Bc8 23. Rc7 Be6 24. Bd2 Rxe1+ 25. Bxe1 Qxd4 26. Bc3 Qh4 27. Qe3 Qe4 28. Qg3 (28. Qxe4 $11 {keeps the balance.} dxe4 29. Kh2) 28... d4 $17 29. Bd2 Qe2 30. Bf4 {[%emt 0:00:55][%mdl 8192] This move loses the game for White.} (30. Qf3 $17 Qxf3 31. gxf3) 30... Qd1+ $2 (30... d3 31. Bxh6 Qd1+ 32. Kh2 Qxh5+ 33. Kg1 Qxh6 34. Qxd3 Qh4) 31. Kh2 $19 Qxh5+ 32. Kg1 Bf5 {[%emt 0:01:51] Threatens to win with ...Qd1+.} 33. Be5 {[%emt 0:01:18][%csl Ge5][%cal Rg3g7] [#]} Bg6 $1 34. Qf4 $2 (34. Qf3 Qxf3 35. gxf3) 34... Re8 {[%emt 0:00:34] Weighted Error Value: White=0.74/Black=0.17 (very precise)} 0-1

[Event "Menorca Open-A 2022"]
[Site "Menorca"]
[Date "2022.04.22"]
[Round "4.5"]
[White "Sargsyan, Shant"]
[Black "Alonso Rosell, Alvar"]
[Result "1-0"]
[ECO "D38"]
[WhiteElo "2639"]
[BlackElo "2564"]
[Annotator "TA"]
[PlyCount "59"]
[EventDate "2022.04.20"]
[EventType "swiss"]
[EventCountry "ESP"]
[SourceTitle "playchess.com"]
[Source "ChessBase"]
[SourceQuality "1"]
[TimeControl "5400+30"]

1. d4 Nf6 2. c4 e6 3. Nf3 d5 4. Nc3 Bb4 5. cxd5 exd5 6. Bg5 h6 7. Bh4 Bf5 {[%emt 0:00:12] 7...Bf5 is a critical line. D38: Queen's Gambit Declined: Ragozin Defence (4 Nf3 Bb4).} 8. Qa4+ Nc6 9. e3 g5 {[%emt 0:28:37] White is slightly better.} 10. Bg3 Ne4 11. Bb5 {[%emt 0:04:18][%csl LRb4,LRc6] Black must now prevent Qxb4.} Bd7 {[%emt 0:17:23] [#]} ({Much less strong is} 11... Nxg3 12. hxg3 Bd7 13. Qb3 $16) 12. Qb3 $146 ({Predecessor:} 12. Rc1 Bxc3+ 13. bxc3 Ne7 14. Ne5 c6 15. Bd3 f6 16. Nxd7 Qxd7 17. c4 Nxg3 18. hxg3 {0-1 (37) Sardana,R (2461)-Bluebaum,M (2669) Chess.com INT 2021}) 12... O-O ({But not} 12... Nxg3 13. hxg3 a6 14. Bxc6 Bxc3+ 15. Qxc3 $16) 13. Bxc6 (13. Nd2 $14) 13... Bxc3+ $11 14. bxc3 Bxc6 15. Ne5 Qe8 16. f3 Nd6 17. Kf2 f6 18. Nd3 Nc4 19. Rae1 Qf7 20. h4 Qg6 21. Nb4 {[%emt 0:03:24][%cal Oe3e4] aiming for e4!} (21. Nb2 $5 ) 21... f5 {[%emt 0:02:22] Against e4. Loses the game.} (21... a5 $11 {and Black stays safe.} 22. Nxc6 bxc6) 22. hxg5 $18 hxg5 23. Bxc7 Rae8 {[%emt 0:01:02] [#]} (23... Rf7 $142) 24. Nd3 $1 Rf7 {[%emt 0:00:51] [#]} 25. Ne5 $1 Nxe5 26. Bxe5 {[%emt 0:00:05][%csl Ge5][%cal Rh1h8] Really sharp!} Rh7 {[%emt 0:00:07] Against Rh8+} 27. Rxh7 Qxh7 28. Qb1 {[%emt 0:00:11] Threatens to win with Rh1.} Kf7 $2 (28... f4 29. exf4 Qxb1 30. Rxb1 gxf4 31. Bxf4 Rc8) 29. Rh1 Qg6 30. g4 {[%emt 0:00:33] Weighted Error Value: White=0.05 (flawless) /Black=0.29 (precise)} 1-0

[Event "Menorca Open-A 2022"]
[Site "Menorca"]
[Date "2022.04.22"]
[Round "4.6"]
[White "Peng, Li Min"]
[Black "Nihal Sarin"]
[Result "1/2-1/2"]
[ECO "B15"]
[WhiteElo "2517"]
[BlackElo "2648"]
[Annotator "TA"]
[PlyCount "70"]
[EventDate "2022.04.20"]
[EventType "swiss"]
[EventCountry "ESP"]
[SourceTitle "playchess.com"]
[Source "ChessBase"]
[SourceQuality "1"]
[TimeControl "5400+30"]

1. e4 c6 2. d4 d5 3. Nc3 dxe4 4. Nxe4 Nf6 5. Nxf6+ exf6 6. c3 Bd6 7. Bd3 O-O 8. Qc2 {[%emt 0:00:00] Active counter play!} Re8+ {[%emt 0:00:03] B15: Caro-Kann: 3 Nc3: 3...g6 and 3...dxe4 4 Nxe4 Nf6 5 Nxf6+ exf6.} 9. Ne2 h5 10. O-O h4 {[%emt 0:02:05] White is slightly better.} 11. h3 Nd7 12. Be3 Nf8 13. Rae1 Bc7 14. Qd2 {[%emt 0:00:00] [#]} Qd6 $146 ({Predecessor:} 14... Ng6 15. Bxg6 fxg6 16. Bf4 g5 17. Bxc7 Qxc7 18. Nc1 Bf5 19. Nd3 a5 20. f4 g4 21. hxg4 Bxg4 {0-1 (37) Maneluk,D (2283)-Pantzar,M (2422) Chess.com INT 2022}) 15. f4 $1 b5 16. f5 {[%emt 0:00:00] Bf4 is the strong threat.} g5 {[%emt 0:16:58] Prevents Bf4.} 17. Rf3 (17. Bf4 $11 {should be considered.} gxf4 18. Rxf4) 17... Nh7 $36 {[%emt 0:10:38][%mdl 2048] White is under pressure.} 18. Kf1 Bb7 19. c4 (19. Ng1 $15) 19... bxc4 $17 ({Much worse is} 19... Qh2 $6 20. Bg1 Qh1 21. Re3 $11) 20. Bxc4 Re7 ({Don't play} 20... Qh2 $6 21. Bg1 Qh1 22. Re3 $11) 21. Nc3 Rae8 {[%emt 0:00:27][%cal Og5g4] White must now prevent ...g4!} 22. Bf2 $2 {[%emt 0:00:00] [#]} (22. Re2 $1 $15) 22... Rxe1+ $1 $19 23. Bxe1 Bb6 $2 (23... c5 $19 24. Nb5 Qh2 25. Nxc7 Re4) 24. Bf2 $11 Kg7 25. Qd3 Bc8 26. a3 Qh2 {[%emt 0:01:09] Threatens to win with ...Qh1+.} (26... g4 $5 27. hxg4 Ng5 $11) 27. Ne4 Rd8 {[%emt 0:02:14] And now ...Qh1+ would win.} 28. Bg1 Qc7 (28... Qh1 $2 29. Nf2 Rxd4 30. Nxh1 $18) 29. b4 a5 30. Nc5 (30. bxa5 $11 {keeps the balance.} Bxa5 31. g4) 30... axb4 $17 31. axb4 {[%emt 0:00:00] [#]} Qa7 (31... g4 $1 $17 32. hxg4 Ng5) 32. Qc3 (32. Be3 $5 ) 32... Qc7 (32... Qb8 $5 ) 33. Bf2 Re8 34. g3 hxg3 35. Bxg3 Qe7 {[%emt 0:00:07] Weighted Error Value: White=0.32/Black=0.18 (very precise)} 1/2-1/2

[Event "Menorca Open-A 2022"]
[Site "Menorca"]
[Date "2022.04.22"]
[Round "4.7"]
[White "Santos Ruiz, Miguel"]
[Black "Vasquez Schroeder, Rodrigo"]
[Result "1-0"]
[ECO "B55"]
[WhiteElo "2597"]
[BlackElo "2500"]
[Annotator "TA"]
[PlyCount "77"]
[EventDate "2022.04.20"]
[EventType "swiss"]
[EventCountry "ESP"]
[SourceTitle "playchess.com"]
[Source "ChessBase"]
[SourceQuality "1"]
[TimeControl "5400+30"]

1. e4 c5 2. Nf3 d6 3. d4 cxd4 4. Nxd4 Nf6 5. f3 Nc6 6. c4 Qb6 7. Nc2 g6 8. Nc3 Bg7 9. Rb1 Ng4 {[%emt 0:19:22][%csl Gg4][%cal Rb6f2] Prevents Be3. B55: Sicilian: 2...d6 3 d4 cxd4 4 Nxd4 Nf6 5 f3.} 10. Qd2 {[%emt 0:00:33] Inhibits Qf2+. aiming for Nd5.} Bh6 11. Qe2 {[%emt 0:01:51] And now Nd5 would win.} Bxc1 {[%emt 0:00:36] White is slightly better.} 12. Rxc1 (12. Nd5 {seems wilder.} Qd8 13. Rxc1 e6 14. Nc3) 12... Nf6 (12... Qxb2 $2 13. Qd2 $18) 13. Qd2 O-O (13... Qxb2 $2 14. Rb1 Qxb1+ 15. Nxb1 $18) 14. Be2 e6 (14... Qxb2 $2 15. Rb1 Qxb1+ 16. Nxb1 $18) (14... Be6 $14 {was preferrable.}) 15. Na4 ({White should play} 15. Rd1 $16) 15... Qc7 16. O-O {[%emt 0:00:19] [#]} Rd8 $146 ({Predecessor:} 16... e5 17. Nc3 Be6 18. Kh1 {½-½ (20) De Jong,M (2317)-Bosch,J (2433) Hoogeveen 1999}) 17. Nc3 {[%emt 0:27:52] Inhibits d5.} Qe7 18. Rfd1 b6 19. f4 Bb7 20. Qe3 Rab8 21. Rd2 Ba8 22. Rcd1 Ne8 23. Qg3 a6 24. h4 Rbc8 (24... b5 $14) 25. h5 Nf6 26. Ne3 Kh8 27. Qg5 gxh5 {[%emt 0:08:17] [#]} 28. Qh4 {[%emt 0:07:03] &Bianco is much more active.} ({Better is} 28. Ncd5 $1 $16 Nxd5 29. cxd5 (29. exd5 exd5 30. Nxd5 Qxg5 $16) 29... Qxg5 30. fxg5 exd5 31. Nxd5 (31. Bxa6 d4 $14)) 28... Nxe4 $11 29. Qxe7 Nxe7 30. Nxe4 Bxe4 31. Rxd6 Rxd6 32. Rxd6 Nc6 (32... h4 $11) 33. Rd7 {[%emt 0:04:20][%mdl 1024] White has compensation.} Bg6 34. Bf3 Na5 $2 {[%emt 0:01:29] Black cannot hold the game after this.} (34... a5 $11 {and Black has nothing to worry.}) 35. b4 $1 $18 Nc6 {[%emt 0:01:10] [#]} ({Weaker is} 35... Nxc4 36. Bb7 $1 $16) 36. a3 b5 37. Rd6 Nb8 (37... Ne7 {was necessary.} 38. c5 Kg7 39. Rxa6 Kf6) 38. Bb7 Rg8 39. c5 {[%emt 0:00:08] Weighted Error Value: White=0.12 (very precise) /Black=0.29 (precise)} 1-0

[Event "Menorca Open-A 2022"]
[Site "Menorca"]
[Date "2022.04.22"]
[Round "4.8"]
[White "Iermito, Sebastian"]
[Black "Kosakowski, Jakub"]
[Result "1/2-1/2"]
[ECO "B43"]
[WhiteElo "2525"]
[BlackElo "2452"]
[Annotator "TA"]
[PlyCount "62"]
[EventDate "2022.04.20"]
[EventType "swiss"]
[EventCountry "ESP"]
[SourceTitle "playchess.com"]
[Source "ChessBase"]
[SourceQuality "1"]
[TimeControl "5400+30"]

1. e4 c5 2. Nc3 a6 3. g3 b5 4. Bg2 Bb7 5. Nge2 e6 6. d4 b4 7. Na4 cxd4 8. Nxd4 Nf6 9. O-O d5 {[%emt 0:29:33] B43: Sicilian: Kan Variation: 5 Nc3.} (9... Bxe4 $11 {keeps the balance.} 10. Bxe4 Nxe4) 10. exd5 $16 Bxd5 11. Bxd5 Nxd5 {[%emt 0:00:10] White is better.} 12. c4 bxc3 13. bxc3 {[%emt 0:00:51] [#]} ({Resist} 13. Nxc3 Nxc3 14. bxc3 Bc5 $14) 13... Be7 $146 ({Predecessor:} 13... Nd7 14. c4 N5f6 15. Qe2 Qa5 {½-½ (15) Nagy,G (2430)-Tesik,C (2340) Hungary 2017}) 14. c4 Nf6 {[%emt 0:00:36] [#]} 15. Qf3 $1 Ra7 {[%emt 0:00:21] [#]} 16. Be3 {[%emt 0:00:45] 0x0.001c68f4b568dp-1022s more active pieces.} (16. Rb1 $1 $16) 16... Rd7 $1 $11 17. Nc6 Nxc6 18. Qxc6 {[%emt 0:00:02] And now Nb6 would win.} O-O 19. Qxa6 Ng4 20. Bb6 $36 {[%emt 0:01:21][%mdl 2048] White has some pressure.} Qa8 21. Qxa8 Rxa8 22. Nc3 Ne5 (22... Bf6 $5 23. Rac1 Ne5 $11) 23. c5 Rd3 (23... Rd2 $14) 24. Nb5 $1 $16 {[%emt 0:01:40] Strongly threatening a4.} Nd7 (24... Ra4 $16) 25. Rfc1 $18 Rb8 {[%emt 0:02:25] [#]} 26. Na7 $1 {[%emt 0:02:48] Hoping for Nc6.} ({Not} 26. a4 Nxb6 27. cxb6 Rxb6 $11) 26... Bf8 $2 (26... Bg5 {keeps fighting.}) 27. Nc6 $2 ({White should play} 27. Rab1 $18) 27... Rc8 $11 28. Na7 (28. Na5 $11) 28... Rb8 $1 $18 29. Nc6 $2 (29. Rab1 $18) 29... Rc8 $11 {[%emt 0:00:13] The position is equal.} 30. Na5 Ra3 (30... Nxc5 $2 {[#]} 31. Nb7 $1 $18) 31. Nc4 Ra6 {Weighted Error Value: White=0.52/Black=0.34} 1/2-1/2

[Event "Menorca Open-A 2022"]
[Site "Menorca"]
[Date "2022.04.22"]
[Round "4.9"]
[White "Narciso Dublan, Marc"]
[Black "Nasuta, Grzegorz"]
[Result "1/2-1/2"]
[ECO "D02"]
[WhiteElo "2477"]
[BlackElo "2518"]
[Annotator "TA"]
[PlyCount "68"]
[EventDate "2022.04.20"]
[EventType "swiss"]
[EventCountry "ESP"]
[SourceTitle "playchess.com"]
[Source "ChessBase"]
[SourceQuality "1"]
[TimeControl "5400+30"]

1. d4 d5 2. Nf3 Nf6 3. Bf4 c5 4. e3 Nc6 5. Nbd2 cxd4 6. exd4 g6 7. c3 Bg7 8. h3 O-O 9. Be2 $1 {[%emt 0:00:25] The main line 9.Be2 scores better than 9.Bd3.} Bf5 {[%emt 0:00:51] D02: 1 d4 d5 2 Nf3 sidelines, including 2...Nf6 3 g3 and 2...Nf6 3 Bf4.} 10. O-O Rc8 11. Qb3 Qb6 {[%emt 0:07:36] White is slightly better.} 12. Rfe1 {[%emt 0:05:40] [#]} Rfd8 $146 ({Predecessor:} 12... Qxb3 13. axb3 a6 14. b4 Ne4 15. b5 axb5 16. Bxb5 Ra8 17. Nxe4 Bxe4 18. Nd2 e6 19. Rxa8 Rxa8 20. Nxe4 dxe4 21. Rxe4 {1-0 (58) Rocchetti,M (1978)-Romagnoli,M (1891) Rome 2004}) 13. Bf1 h6 14. Ne5 g5 15. Bh2 e6 16. g4 {[%emt 0:05:36] [#] Strongly threatening Qxb6.} Bh7 17. Bd3 Nxe5 18. Bxh7+ Nxh7 19. Qxb6 axb6 20. dxe5 d4 21. Ne4 dxc3 22. bxc3 Nf8 23. Rab1 Ng6 24. Rxb6 Nh4 {[%emt 0:37:40] [#] Threatens to win with ...Nf3+.} 25. Reb1 Nf3+ (25... Rc4 $5 26. Nf6+ Bxf6 27. exf6 Nf3+ 28. Kg2 Nxh2 $11) 26. Kg2 {[%emt 0:00:19] The position is equal.} Nxh2 27. Kxh2 Bxe5+ 28. Kg2 Bxc3 29. Rxb7 Be5 30. R1b5 Rd5 31. Rxd5 exd5 32. Ng3 Bxg3 33. Kxg3 Ra8 34. Rd7 Ra5 {[%emt 0:05:00] Weighted Error Value: White=0.07 (flawless) /Black=0.05 (flawless)} 1/2-1/2

[Event "Menorca Open-A 2022"]
[Site "Menorca"]
[Date "2022.04.22"]
[Round "4.10"]
[White "Cuenca Jimenez, Jose Fernando"]
[Black "Romanishin, Oleg M"]
[Result "1/2-1/2"]
[ECO "C58"]
[WhiteElo "2558"]
[BlackElo "2415"]
[Annotator "TA"]
[PlyCount "71"]
[EventDate "2022.04.20"]
[EventType "swiss"]
[EventCountry "ESP"]
[SourceTitle "playchess.com"]
[Source "ChessBase"]
[SourceQuality "1"]
[TimeControl "5400+30"]

1. e4 e5 2. Nf3 Nc6 3. Bc4 Nf6 4. Ng5 d5 5. exd5 Na5 6. Bb5+ Bd7 7. Qe2 Be7 8. Nf3 {[%emt 0:00:48] C58: Two Knights: 4 Ng5 d5 5 exd5 Na5 sidelines.} (8. b4 Bxb4 9. Qxe5+ Kf8 $11) 8... O-O {[%emt 0:06:12] 8...Nxd5 injects fresh life into this line.} 9. Bxd7 Qxd7 10. Nxe5 {[%emt 0:00:04] White is slightly better.} Qxd5 11. O-O Bd6 12. Nf3 Rfe8 13. Qd1 c5 14. d3 {[%emt 0:05:51] [#]} Nc6 $146 ({Predecessor:} 14... h6 15. Bd2 Nc6 16. Bc3 Qf5 17. Bxf6 Qxf6 18. Nc3 Rad8 19. Re1 Bb8 20. Rb1 a6 21. Rxe8+ Rxe8 {½-½ (71) Goreczny,G-Baron,M ICCF email 2016}) 15. Bg5 Ng4 {[%emt 0:02:43][%cal Og4h2] Hoping for ...Nxh2!} 16. Nc3 Qf5 17. Ne4 Bc7 18. h3 Nge5 19. Nh4 $36 {[%emt 0:01:10][%mdl 2048] White is in control.} Qc8 20. Nxc5 b6 21. Nb3 h6 22. Bd2 a5 23. f4 a4 24. fxe5 axb3 25. Nf5 $1 {[%emt 0:08:40][%cal Of5g7] And now Nxg7! would win.} (25. axb3 $6 Rxa1 26. Qxa1 Nd4 $16) (25. cxb3 Bxe5 26. Bc3 Qd7 $16) 25... Bxe5 {[%emt 0:00:23] [#] Strongly threatening ...Nd4.} 26. c3 {[%emt 0:04:44] Against Nd4} ({Inferior is} 26. axb3 Rxa1 27. Qxa1 Nd4 28. Nxd4 (28. Ne3 Nxc2 29. Nxc2 Qxc2 $15) 28... Bxd4+ 29. Kh1 Qxc2 $11) ({Weaker is} 26. cxb3 Nd4 27. Ne3 Bb8 $11) 26... Rxa2 27. Rb1 (27. d4 $18) 27... Ra5 {[%emt 0:08:57] [#]} (27... Ne7 $16) 28. Qxb3 ({White should play} 28. Qf3 $1 $18) 28... Bh2+ $16 29. Kxh2 Rxf5 30. Qxb6 Re2 {[%emt 0:01:55][%cal Be8e2,Be2d2,Bd2b2][%mdl 32] Threatens to win with ...Rxf1.} 31. Rbe1 Rxd2 $14 32. Rxf5 Qxf5 33. Qxc6 Qxd3 34. Re4 ({Better is} 34. b4 $14) 34... Qf1 $1 $11 35. Rd4 Rxb2 36. Qe4 {[%emt 0:00:28] Weighted Error Value: White=0.13 (very precise) /Black=0.09 (flawless)} 1/2-1/2